[Event "Late-Titled-Tuesday-Blitz-October-17-2023"]
[Site "Chess.com"]
[Date "2023.10.17"]
[Round "3"]
[White "ToddBryant"]
[Black "Alimpic"]
[Result "0-1"]
[WhiteElo "2325"]
[BlackElo "2496"]
[TimeControl "180+1"]
[EndTime "14:30:16 PDT"]
[Termination "Alimpic won by checkmate"]

1. e4 g6 2. d4 Bg7 3. Nc3 c6 4. Nf3 d5 5. e5 Bg4 6. h3 Bxf3 7. Qxf3 e6 8. Bf4 Ne7 9. g4 c5 10. Nb5 O-O 11. dxc5 Nd7 12. b4 Nxe5 13. Qg3 N7c6 14. Rd1 a5 15. a3 axb4 16. axb4 b6 17. Be2 bxc5 18. bxc5 Ra2 19. Qb3 Rb2 20. Qa4 Qa5+ 21.
Qxa5 Nxa5 22. Nd4 Nec4 23. Bxc4 Nxc4 24. Bd6 Nxd6 25. cxd6 Rd8 26. O-O Bxd4 27. Rxd4 Rxc2 28. Ra1 Rxd6 29. Ra7 Rc4 30. Rd3 Rf4 31. Rb3 g5 32.
Kg2 Rc6 33. Rb8+ Kg7 34. Rb2 Rc3 35. Rd7 Rff3 36. Rbb7 Rf4 37. Rdc7 Rc2 38. Rxc2 Kg6 39. Ra2 h5 40. gxh5+ Kxh5 41. Ra3 Kg6 42. Rf3 Rxf3 43. Kxf3 f6 44. Rb4 Kf5 45. Kg3 e5 46. Rb8 d4 47.
Rb3 e4 48. Rb5+ Ke6 49. Kg4 d3 50. Kg3 f5 51. f3 e3 52. Rb3 f4+ 53. Kg2 d2 54.
Rd3 e2 55. Rxd2 e1=Q 56. Rf2 Kf5 57. Ra2 Qg3+ 58. Kh1 Qxf3+ 59. Kh2 Qg3+ 60. Kh1 Qxh3+ 61. Rh2 Qxh2+ 62. Kxh2 Ke4 63. Kg2 Ke3 64. Kf1 f3 65.
Kg1 f2+ 66. Kf1 g4 67. Kg2 Ke2 68. Kh2 g3+ 69. Kxg3 f1=Q 70. Kh2 Qf8 71. Kg3 Ke3 72. Kg4 Qf4+ 73. Kh5 Qg3 74. Kh6 Kf4 75. Kh5 Kf5 76. Kh6 Kf6 77. Kh7 Qg5 78. Kh8 Kf7 79. Kh7 Qg1 80. Kh8 Qg2 81. Kh7 Qg3 82. Kh8 Qg4 83. Kh7 Qg5 84. Kh8 Qh4# 0-1

[Event "Late-Titled-Tuesday-Blitz-October-17-2023"]
[Site "Chess.com"]
[Date "2023.10.17"]
[Round "3"]
[White "frederiksvane"]
[Black "gahryman"]
[Result "0-1"]
[WhiteElo "2878"]
[BlackElo "2678"]
[TimeControl "180+1"]
[EndTime "14:30:41 PDT"]
[Termination "gahryman won by checkmate"]

1. Nf3 Nf6 2. g3 d5 3. Bg2 c6 4. O-O Bg4 5. c4 e6 6. d4 Nbd7 7. Nc3 Be7 8. Ne5 Bf5 9. h3 h6 10. g4 Bh7 11. Bf4 O-O 12. Qb3 Qb6 13. c5 Qa6 14. Rfe1 Nxe5 15. Bxe5 Nd7 16. Bg3 b6 17. cxb6 axb6 18. a3 b5 19. Rac1 Nb6 20. Na2 Nc4 21.
Nb4 Qb6 22. e3 Rfc8 23. Rcd1 Bf6 24. Nd3 Bxd3 25. Rxd3 Rcb8 26. Bxb8 Rxb8 27. Qc2 b4 28. axb4 Qxb4 29. Rb1 c5 30. dxc5 Rc8 31. Rc1 Be7 32. b3 Na3 33. Qb2 Nb5 34. c6 Bd6 35. Rdd1 Rc7 36.
Qa1 Ra7 37. Qb2 Rc7 38. Rc2 Na3 39. Rcd2 Rxc6 40. Rc1 Rxc1+ 41. Qxc1 Qxb3 42. Qc8+ Kh7 43.
Qc1 Be5 44. Bf1 Nc4 45. Qc2+ Qxc2 46. Rxc2 Nd6 47. Bd3+ g6 48. Kg2 Kg7 49. Rc6 Ne8 50. Ra6 g5 51. Ra7 Nd6 52. Rd7 Ne8 53. Kf3 Nf6 54. Ra7 Bc3 55. Ke2 Be5 56. Ra4 Kf8 57.
Ra1 Bxa1 58. Kf3 Be5 59. Kg2 Ke7 60. Kf3 Bd6 61. Ke2 e5 62. Bf5 e4 63. Kd2 Be5 64. Ke2 Kd6 65. Bc8 d4 66. exd4 Bxd4 67. Bb7 Ke5 68. f3 e3 69. Ba6 Nd5 70. Bc4 Nf4+ 71.
Kf1 Bc3 72. h4 Kd4 73. Ba6 Bd2 74. h5 f6 75. Bb5 Bb4 76. Ba6 Kc3 77. Ke1 Kc2+ 78.
Kf1 Kd2 79. Bb5 e2+ 80. Bxe2 Nxe2 81. Kf2 Nf4 82. Kg3 Bc5 83. Kh2 Ke3 84. Kg3 Bb4 85.
Kh2 Be1 86. Kg1 Kxf3 87. Kf1 Kxg4 88. Kg1 Kxh5 89. Kf1 Kg4 90. Kg1 h5 91. Kf1 Ba5 92. Kg1 h4 93. Kf1 Bb6 94. Ke1 h3 95. Kd1 h2 96.
Kd2 h1=Q 97. Kc3 Qf3+ 98. Kc4 Qd5+ 99. Kc3 Ba5+ 100. Kc2 Qa2+ 101. Kd1 Qe2+ 102. Kc1 Nd3+ 103. Kb1 Qb2# 0-1

[Event "Late-Titled-Tuesday-Blitz-October-17-2023"]
[Site "Chess.com"]
[Date "2023.10.17"]
[Round "3"]
[White "Msb2"]
[Black "Rikikits"]
[Result "1/2-1/2"]
[WhiteElo "3068"]
[BlackElo "2820"]
[TimeControl "180+1"]
[EndTime "14:30:45 PDT"]
[Termination "Game drawn - insufficient material"]

1. d4 d5 2. c4 c6 3. Nf3 Nf6 4.
Nc3 e6 5. Qc2 Be7 6. cxd5 exd5 7. Bg5 h6 8. Bh4 O-O 9. e3 Ne8 10. Bg3 Nd6 11. Bd3 Nd7 12. O-O Nf6 13. h3 Re8 14. Ne5 Be6 15. Bh4 Rc8 16. Rae1 Nfe4 17. Bxe7 Qxe7 18. f3 Nxc3 19. Qxc3 f5 20. Qa3 a6 21. b3 Nf7 22. Qb2 Nxe5 23. dxe5 c5 24. Qb1 Rf8 25. f4 b5 26. Bc2 b4 27. Kh2 a5 28. Qd1 c4 29. Qf3 c3 30. Rd1 Rcd8 31.
Rd4 Qc5 32. Rfd1 Qe7 33. Qg3 Kh8 34. Rf1 Qf7 35. Qh4 Rd7 36. g4 Qe7 37. Qxe7 Rxe7 38.
gxf5 Bxf5 39. Bxf5 Rxf5 40. Rxd5 g5 41. Rxa5 gxf4 42.
exf4 Rd7 43. Kg3 h5 44. Rc5 Kh7 45. Kf3 Rxf4+ 46. Kxf4 Rf7+ 47. Kg5 Rxf1 48. Rc7+ Kg8 49. e6 Kf8 50. Kxh5 Re1 51. Rc4 Ke7 52. h4 Kxe6 53. Kg6 Rg1+ 54. Kh6 Kf6 55. h5 Rh1 56. Rc6+ Kf5 57.
Rc4 Kf6 58. Rc5 Rh2 59. Rc6+ Kf5 60. Rc4 c2 61. Kg7 Rxh5 62. Rxc2 Rh4 63. Kf7 Ke5 64.
Ke7 Kd5 65. Kd7 Rh7+ 66. Kc8 Ra7 67. Kb8 Ra3 68. Kb7 Kd4 69. Kb6 Kd3 70. Rh2 Ra8 71. Kb5 Rb8+ 72. Ka4 Kc3 73. Rg2 Ra8+ 74. Kb5 Rb8+ 75.
Kc5 Rc8+ 76. Kb6 Rb8+ 77. Kc7 Rf8 78. Rg4 Rf7+ 79. Kb6 Rf6+ 80. Kb5 Rf5+ 81. Ka4 Rf8 82. Rc4+ Kb2 83. Kxb4 Kxa2 84. Rc2+ Kb1 85. Rh2 Rb8+ 86. Kc4 Rc8+ 87. Kd5 Rd8+ 88. Kc5 Rc8+ 89. Kd5 Rd8+ 90. Kc6 Rb8 91. Rh3 Ka2 92. Kc7 Rxb3 93. Rh2+ Rb2 94. Rxb2+ Kxb2 1/2-1/2

[Event "Late-Titled-Tuesday-Blitz-October-17-2023"]
[Site "Chess.com"]
[Date "2023.10.17"]
[Round "3"]
[White "h4parah5"]
[Black "jerry_77"]
[Result "1-0"]
[WhiteElo "2928"]
[BlackElo "2606"]
[TimeControl "180+1"]
[EndTime "14:30:45 PDT"]
[Termination "h4parah5 won by resignation"]

1. Nf3 Nf6 2. b4 e6 3. a3 d5 4.
Bb2 Be7 5. e3 O-O 6. c4 b6 7.
cxd5 exd5 8. b5 a6 9. a4 axb5 10.
axb5 Rxa1 11. Bxa1 Bf5 12. Be2 Nbd7 13. Nd4 Bg6 14. Nc6 Qe8 15. Nxe7+ Qxe7 16. O-O Ra8 17. Bd4 Nc5 18. Nc3 Ne6 19. Bxf6 Qxf6 20. Nxd5 Qe5 21. Nb4 Qd6 22. Na6 Bd3 23. Re1 c6 24. Bxd3 Qxd3 25. Qb1 Qxd2 26. Rd1 Qa5 27. h3 cxb5 28. Nb4 h6 29. Rd5 Nc5 30. Nc6 Qa4 31. Rd4 Qa6 32.
Rb4 Na4 33. Qb3 Qb7 34. Nd4 Nc5 35. Qb1 Ne4 36. Rxb5 Nc3 37. Rxb6 Qc7 38. Rb7 Qe5 39. Qb2 Rc8 40. g3 Ne4 41. Qb3 Nd6 42. Rb8 Rxb8 43. Qxb8+ Kh7 44. Qb1+ g6 45. Qd3 Kg7 46. Kg2 Qd5+ 47. Kg1 Ne4 48. Qe2 Ng5 49. Qg4 Qb7 50.
h4 Ne4 51. Qf3 Qb1+ 52. Kg2 Nd2 53. Qe2 Qe4+ 54. f3 Nxf3 55. Nxf3 h5 56. Qb2+ Kg8 57. Qd4 Qc2+ 58. Nd2 Qc6+ 59. e4 Qc1 60. Kf2 Qd1 61. Nf3 Qh1 62. e5 Qb1 63. Qd8+ Kg7 64. Qf6+ Kg8 65.
e6 Qc2+ 66. Kg1 Qd1+ 67. Kf2 Qc2+ 68. Ke3 Qb3+ 69. Kf4 Qc4+ 70. Kg5 Qc1+ 71. Qf4 Qc5+ 72.
Kh6 Qf8+ 73. Kg5 Qe7+ 74. Qf6 Qc5+ 75. Kf4 Qc1+ 76. Ke4 Qc2+ 77. Kd5 Qd3+ 78. Nd4 fxe6+ 79. Qxe6+ Kh7 80. Qe7+ Kh6 81. Qe5 Kh7 82. Ke6 Qa6+ 83. Qd6 Qc8+ 84. Qd7+ Qxd7+ 85. Kxd7 g5 86. hxg5 Kg6 87.
Nf3 Kf5 88. Ke7 Kg4 89. g6 Kxf3 90. g7 Kxg3 91. g8=Q+ Kh3 92. Qg5 h4 93. Kf6 1-0

[Event "Late-Titled-Tuesday-Blitz-October-17-2023"]
[Site "Chess.com"]
[Date "2023.10.17"]
[Round "3"]
[White "maximnovik"]
[Black "krzyzan94"]
[Result "0-1"]
[WhiteElo "2507"]
[BlackElo "2782"]
[TimeControl "180+1"]
[EndTime "14:31:00 PDT"]
[Termination "krzyzan94 won by checkmate"]

1. e4 c5 2. Nf3 d6 3. d4 cxd4 4.
Nxd4 Nf6 5. Nc3 a6 6. h3 e5 7. Nb3 Be6 8. Be3 h5 9. Qf3 Nbd7 10. O-O-O Rc8 11. Nd5 Bxd5 12. exd5 Be7 13. g4 e4 14. Qg2 Qc7 15. c3 hxg4 16. hxg4 Rxh1 17. Qxh1 Nxg4 18. Qxe4 Nxe3 19. Qxe3 Nf6 20. Bh3 Rb8 21. Kb1 Qc4 22.
Bg2 Qg4 23. Re1 Ng8 24. Bf3 Qf5+ 25. Ka1 Kf8 26. Nd4 Qg5 27. Qd3 Bf6 28. Nf5 Qf4 29.
a3 g6 30. Ng3 Be5 31. Re4 Qc1+ 32. Ka2 Nf6 33. Re2 b5 34. Ne4 Nxe4 35. Bxe4 a5 36. Qd2 Qxd2 37. Rxd2 b4 38. cxb4 axb4 39. a4 f5 40. Bd3 b3+ 41. Ka3 Bd4 42. a5 Bc5+ 43. Ka4 Rb4+ 44. Ka3 Kg7 45. a6 Kf6 46. a7 Rb7+ 47.
Ka4 Rxa7+ 48. Kxb3 Rb7+ 49. Kc2 Rb4 50. b3 g5 51. Bc4 g4 52. Re2 Kg5 53. Kc3 Rb8 54. Re6 Kf4 55. Rf6 Ke5 56. Rf7 Bxf2 57. Bd3 Bd4+ 58. Kd2 Kxd5 59. Rxf5+ Be5 60. Bc4+ Ke4 61. Rg5 g3 62. Ke2 Kf4 63. Rg6 Rh8 64. Be6 Rh2+ 65.
Kd3 Rf2 66. Rg4+ Kf3 67. Rg8 g2 68. Bd5+ Kf4 69. Bxg2 Rb2 70. Bd5 Rb1 71. Rf8+ Kg5 72. Kc4 Rd1 73. Be6 Rc1+ 74. Kb5 Rc5+ 75. Ka4 Rc1 76.
b4 Ra1+ 77. Kb5 Rb1 78. Rb8 Kf4 79. Kc6 Rc1+ 80. Kd7 d5 81. Rf8+ Ke3 82. b5 Rc7+ 83. Kd8 d4 84. Rf5 Rc5 85. b6 d3 86. b7 d2 87. Rf1 Rb5 88. Kc8 Rc5+ 89. Kd8 Rc1 90. Rf5 Bc7+ 91. Ke8 d1=Q 92. Rd5 Qa4+ 93. Bd7 Qe4+ 94. Kf7 Qxd5+ 95. Be6 Qxb7 96. Kf6 Bd8+ 97. Kg6 Qe4+ 98. Bf5 Rg1+ 99. Kf7 Qe7# 0-1

[Event "Late-Titled-Tuesday-Blitz-October-17-2023"]
[Site "Chess.com"]
[Date "2023.10.17"]
[Round "3"]
[White "HalfIsCrayfish"]
[Black "PushingpawnsNYC"]
[Result "1-0"]
[WhiteElo "2543"]
[BlackElo "2323"]
[TimeControl "180+1"]
[EndTime "14:31:14 PDT"]
[Termination "HalfIsCrayfish won by resignation"]

1. e4 c5 2. Nf3 e6 3. g3 a6 4. Bg2 b5 5. O-O Bb7 6. Qe2 d6 7. c3 Be7 8. d4 Nf6 9. e5 Nd5 10. Nbd2 O-O 11. Ne4 cxd4 12. exd6 Bxd6 13. Nxd6 Qxd6 14.
Nxd4 Nc6 15. Rd1 Rfd8 16. Bg5 Rd7 17. Nc2 Qc7 18. Ne3 Nce7 19. Bxe7 Nxe7 20. Rxd7 Qxd7 21. Rd1 Qc7 22. Bxb7 Qxb7 23. Qd3 Ng6 24. h4 h5 25. Qe2 Ne5 26. Qxh5 Nf3+ 27. Kf1 Nh2+ 28. Ke2 g6 29. Qg5 Qf3+ 30. Kd2 Qxf2+ 31. Kc1 Nf3 32. Rd8+ Rxd8 33. Qxd8+ Kh7 34. Nd1 Qxg3 35. Qd7 Qf4+ 36. Kb1 Nd2+ 37. Kc2 Nc4 38. b3 Ne5 39. Qd8 Qf5+ 40. Kc1 Nd3+ 41.
Kd2 Nc5 42. Qe7 Ne4+ 43. Kd3 Nf2+ 44. Ke2 Nxd1 45. Kxd1 Qb1+ 46. Kd2 Qxa2+ 47. Ke3 Kg8 48. Qd8+ Kg7 49. Qd4+ Kh7 50. Qf6 Kg8 51. Qd8+ Kg7 52.
Qd4+ f6 53. Qd7+ Kh6 54. Qd8 Kg7 55. Qe7+ Kh6 56. Qxf6 Kh7 57. Qe7+ Kh6 58. Qf6 Kh7 59. Qxe6 Qh2 60. Qe7+ Kh6 61. Qg5+ Kh7 62. b4 Qh3+ 63. Kd4 Qd7+ 64. Qd5 Qg4+ 65. Kc5 Qxh4 66. Qf7+ Kh6 67.
Qf8+ Kh5 68. Qh8+ Kg4 69. Qd4+ Kh5 70. Qh8+ Kg4 71. Qg7 Qg5+ 72. Kb6 Kf5 73. Kxa6 Qf6+ 74. Qxf6+ Kxf6 75. Kxb5 g5 76. Kc6 g4 77. b5 g3 78. b6 g2 79. b7 g1=Q 80. b8=Q Qg2+ 81. Kc5 Qf2+ 82. Kc4 Qe2+ 83. Kd4 Qd2+ 84. Kc4 Qa2+ 85.
Qb3 Qe2+ 86. Kb4 Qe7+ 87. Ka4 Qa7+ 88. Kb4 Qb6+ 89. Kc4 Qe6+ 90. Kb4 Qb6+ 91. Ka3 Qa6+ 92. Kb2 Qe2+ 93. Qc2 Qb5+ 94. Kc1 Qf1+ 95. Qd1 Qc4 96. Kb2 Qb5+ 97. Qb3 Qe2+ 98. Kb1 Qe1+ 99. Ka2 Qd2+ 100. Ka3 Qd6+ 101. Qb4 Qa6+ 102. Kb3 Qe6+ 103. c4 Qe1 104. Qxe1 1-0

[Event "Late-Titled-Tuesday-Blitz-October-17-2023"]
[Site "Chess.com"]
[Date "2023.10.17"]
[Round "4"]
[White "vugarrasulov"]
[Black "BardArtem"]
[Result "1-0"]
[WhiteElo "2970"]
[BlackElo "2760"]
[TimeControl "180+1"]
[EndTime "14:33:04 PDT"]
[Termination "vugarrasulov won by resignation"]

1. d4 d5 2. c4 c6 3. Nc3 dxc4 4. e3 b6 5. Bxc4 Nf6 6. Nf3 Ba6 7. Bxa6 Nxa6 8.
Ne5 Nb8 9. Qf3 Qc8 10. Bd2 e6 11. Rc1 Nfd7 12. Qxf7+ 1-0

[Event "Late-Titled-Tuesday-Blitz-October-17-2023"]
[Site "Chess.com"]
[Date "2023.10.17"]
[Round "4"]
[White "santosalberto1987"]
[Black "adrivillu"]
[Result "1-0"]
[WhiteElo "2419"]
[BlackElo "2300"]
[TimeControl "180+1"]
[EndTime "14:33:49 PDT"]
[Termination "santosalberto1987 won by resignation"]

1. e4 e6 2. d4 d5 3. Nc3 Bb4 4. e5 c5 5. a3 Ba5 6. b4 cxd4 7. Nb5 Bc7 8. Nf3 Bd7 9. Nxc7+ Qxc7 10. Bb2 Ba4 11. Rc1 Nc6 12. Bxd4 Nxd4 13. Qxd4 Ne7 14.
Bd3 a6 15. O-O Bb5 16. c4 Nc6 17. cxb5 1-0

[Event "Late-Titled-Tuesday-Blitz-October-17-2023"]
[Site "Chess.com"]
[Date "2023.10.17"]
[Round "4"]
[White "HanSchut"]
[Black "Bala-Afiada"]
[Result "1-0"]
[WhiteElo "2312"]
[BlackElo "1902"]
[TimeControl "180+1"]
[EndTime "14:34:02 PDT"]
[Termination "HanSchut won by resignation"]

1. e4 c5 2. Nf3 Nc6 3. d4 cxd4 4. Nxd4 Nf6 5. Nc3 d6 6. Bg5 e6 7. Qd2 Nxd4 8. Qxd4 Be7 9. O-O-O O-O 10. Kb1 Qa5 11. f4 e5 12. Qd2 exf4 13. Nd5 Nxd5 14. Qxa5 1-0

[Event "Late-Titled-Tuesday-Blitz-October-17-2023"]
[Site "Chess.com"]
[Date "2023.10.17"]
[Round "4"]
[White "Qvalda"]
[Black "GoltsevDmitry2000"]
[Result "0-1"]
[WhiteElo "2392"]
[BlackElo "2658"]
[TimeControl "180+1"]
[EndTime "14:34:35 PDT"]
[Termination "GoltsevDmitry2000 won by checkmate"]

1. Nf3 d5 2. g3 c6 3. Bg2 Nf6 4. O-O g6 5. c4 Bg7 6. b3 Ne4 7. d4 O-O 8. Nbd2 Nd7 9. Bb2 f5 10. cxd5 cxd5 11. Rc1 e6 12. Qc2 b6 13. Qc7 Ba6 14.
Qxd8 Rfxd8 15. Rfe1 Rac8 16. e3 h6 17. Ba3 Nc3 18.
Ra1 g5 19. Bf1 Bxf1 20. Kxf1 Nb5 21. Bb2 Rc2 22. Reb1 g4 23. a4 gxf3 24. axb5 Rxd2 25. Rxa7 Nf6 26. Rb7 Ng4 27. Rxb6 Rxf2+ 28. Kg1 Rg2+ 29. Kf1 Nxe3+ 30. Ke1 Re2# 0-1

[Event "Late-Titled-Tuesday-Blitz-October-17-2023"]
[Site "Chess.com"]
[Date "2023.10.17"]
[Round "4"]
[White "Jarming"]
[Black "AlexNovitz"]
[Result "1-0"]
[WhiteElo "2786"]
[BlackElo "2222"]
[TimeControl "180+1"]
[EndTime "14:34:40 PDT"]
[Termination "Jarming won by resignation"]

1. d4 Nf6 2. c4 e6 3. Nf3 d5 4. g3 Be7 5. Bg2 O-O 6. O-O c6 7. Qc2 b6 8. Rd1 Ba6 9. b3 Nbd7 10. Bf4 Rc8 11. Nbd2 c5 12. e4 cxd4 13. exd5 exd5 14. Nxd4 dxc4 15. Nc6 Rxc6 16. Bxc6 cxb3 17. axb3 Qc8 18. Ne4 Nxe4 19. Bxe4 Qxc2 20. Bxc2 Bc8 21. Rxa7 Rd8 22. Bf5 Nf6 23. Rxd8+ Bxd8 24. Bxc8 1-0

[Event "Late-Titled-Tuesday-Blitz-October-17-2023"]
[Site "Chess.com"]
[Date "2023.10.17"]
[Round "4"]
[White "whiteglovethief"]
[Black "vidavi"]
[Result "0-1"]
[WhiteElo "2617"]
[BlackElo "2406"]
[TimeControl "180+1"]
[EndTime "14:35:07 PDT"]
[Termination "vidavi won by resignation"]

1. d4 d5 2. c4 e6 3. Nf3 c6 4. g3 f5 5. Bg2 Nf6 6. O-O Be7 7.
b3 O-O 8. Ba3 Nbd7 9. Bxe7 Qxe7 10. Nbd2 b6 11. e3 Bb7 12. Rc1 a5 13. Qc2 Rac8 14. Qb2 c5 15. Ne5 Nxe5 16. dxe5 Ne4 17. Nxe4 dxe4 18. Rfd1 Rcd8 19. Bf1 h5 20. h4 g5 21.
hxg5 Qxg5 22. Rd6 h4 23. Rxe6 hxg3 24. fxg3 Qxe3+ 25. Kh1 Rd2 26. Qc3 Qf2 27. Rh6 e3+ 0-1

[Event "Late-Titled-Tuesday-Blitz-October-17-2023"]
[Site "Chess.com"]
[Date "2023.10.17"]
[Round "4"]
[White "Mikhal867"]
[Black "KVAIDAN"]
[Result "1-0"]
[WhiteElo "2435"]
[BlackElo "2273"]
[TimeControl "180+1"]
[EndTime "14:35:13 PDT"]
[Termination "Mikhal867 won by resignation"]

1. e4 e5 2. Nf3 d5 3. exd5 e4 4.
Qe2 Nf6 5. d3 Bb4+ 6. Bd2 O-O 7.
Bxb4 exf3 8. Qxf3 Re8+ 9. Kd2 Bg4 10. Qf4 c6 11. Bc3 Nbd7 12. d6 Bh5 13. g4 Nd5 14. Qd4 Qg5+ 15. f4 Nxf4 16. Qxg7+ Qxg7 17. Bxg7 Bxg4 18. Rg1 Kxg7 19. Rxg4+ Ng6 20. d4 Ne5 21. dxe5 Rxe5 22. Bd3 Rd8 23. Nc3 Rxd6 24. Re1 f5 25. Rxg6+ hxg6 26. Rxe5 b5 27. b4 Kf6 28. Rc5 g5 29. Rxf5+ 1-0

[Event "Late-Titled-Tuesday-Blitz-October-17-2023"]
[Site "Chess.com"]
[Date "2023.10.17"]
[Round "4"]
[White "Dacean99"]
[Black "shanemelaughcm"]
[Result "1-0"]
[WhiteElo "2628"]
[BlackElo "2351"]
[TimeControl "180+1"]
[EndTime "14:35:14 PDT"]
[Termination "Dacean99 won by resignation"]

1. e4 e6 2. d4 d5 3. Bd3 dxe4 4. Bxe4 Nf6 5. Bf3 c5 6. Ne2 Nc6 7. Be3 Bd6 8. dxc5 Qa5+ 9. c3 Be7 10. b4 Qa6 11. a4 Qc4 12. Nd2 Qh4 13. Bxc6+ bxc6 14. Nf3 Qc4 15. Ne5 Qe4 16. Qd4 Qxg2 17. Rg1 Qxh2 18.
Nxc6 Qc7 19. Nxe7 Qxe7 20. Rxg7 Bb7 21. Bg5 e5 22. Qh4 Qe6 23. Bxf6 Bf3 24. Rg3 e4 25. Bxh8 Qc4 26. Rxf3 1-0

[Event "Late-Titled-Tuesday-Blitz-October-17-2023"]
[Site "Chess.com"]
[Date "2023.10.17"]
[Round "4"]
[White "DanielDardha2005"]
[Black "ljm509"]
[Result "1-0"]
[WhiteElo "2898"]
[BlackElo "2292"]
[TimeControl "180+1"]
[EndTime "14:35:19 PDT"]
[Termination "DanielDardha2005 won by resignation"]

1. d4 Nf6 2. Bf4 d5 3. e3 Bf5 4. c4 e6 5. Nc3 c6 6. Qb3 Qb6 7. c5 Qxb3 8. axb3 Nbd7 9. b4 Ne4 10. Nf3 Be7 11. b5 Nxc3 12. bxc3 O-O 13. bxc6 bxc6 14. Ba6 Be4 15. O-O Bxf3 16. gxf3 e5 17. Bg3 f5 18. f4 e4 19. Bb7 Rfc8 20. Ra6 Rc7 21. Bxa8 Nb8 22. Ra2 1-0

[Event "Late-Titled-Tuesday-Blitz-October-17-2023"]
[Site "Chess.com"]
[Date "2023.10.17"]
[Round "4"]
[White "Noki102"]
[Black "midedu"]
[Result "1-0"]
[WhiteElo "2442"]
[BlackElo "2033"]
[TimeControl "180+1"]
[EndTime "14:35:28 PDT"]
[Termination "Noki102 won by resignation"]

1. d4 Nf6 2. c4 g6 3. Nf3 Bg7 4. g3 d6 5. Bg2 O-O 6. O-O Nc6 7.
Nc3 a6 8. h3 Bd7 9. e4 e5 10.
d5 Ne7 11. Ne1 Qc8 12. Kh2 Ne8 13. Nd3 c6 14. Bg5 f6 15. Be3 cxd5 16. cxd5 b5 17. Rc1 Qb7 18. f4 Rc8 19. fxe5 fxe5 20. Bg5 Bf6 21. Bh6 Bg7 22. Rxf8+ Bxf8 23. Bxf8 Kxf8 24. Qf3+ Kg7 25. Rf1 Ng8 26. Qf8+ Kh8 27. Rf7 b4 28. Nxb4 Qxb4 29. Rxd7 1-0

[Event "Late-Titled-Tuesday-Blitz-October-17-2023"]
[Site "Chess.com"]
[Date "2023.10.17"]
[Round "4"]
[White "Barmen_EV"]
[Black "Casablanca"]
[Result "0-1"]
[WhiteElo "2517"]
[BlackElo "2756"]
[TimeControl "180+1"]
[EndTime "14:36:03 PDT"]
[Termination "Casablanca won by resignation"]

1. Nf3 Nf6 2. b3 g6 3. Bb2 Bg7 4. g3 O-O 5. Bg2 d6 6. d4 c6 7. O-O a5 8. a4 Bf5 9. c4 Qb6 10.
Nbd2 Ne4 11. e3 Nd7 12. Nxe4 Bxe4 13. Nd2 Bxg2 14. Kxg2 e5 15. Nf3 e4 16. Nd2 Rfe8 17. f3 Nf6 18. fxe4 Nxe4 19. Nxe4 Rxe4 20. Qf3 f5 21. Ra3 Rae8 22. Bc1 Bh6 23. Re1 Qb4 24. Re2 Bxe3 25. Rxe3 Rxe3 26. Bxe3 Qxa3 27. Bf4 Qb2+ 28. Kh3 Qxd4 29. Kh4 Qe4 30. Qf2 Qe2 31. Qxe2 Rxe2 32.
Bxd6 Rxh2+ 33. Kg5 Rb2 34. Bc7 Rxb3 35. Bxa5 Ra3 36.
Bd2 Rxa4 37. c5 Re4 38. Kf6 Rg4 39. Bf4 Rxf4 40. gxf4 h5 41. Kxg6 h4 42. Kxf5 h3 43. Ke6 Kf8 44. f5 h2 45. Kd7 h1=Q 46. Kc7 Qd5 47. Kxb7 Qxc5 48. f6 Qd6 49. Kb6 c5+ 50. Kb5 Qc7 51. Kc4 Qc6 52. f7 Kxf7 0-1

[Event "Late-Titled-Tuesday-Blitz-October-17-2023"]
[Site "Chess.com"]
[Date "2023.10.17"]
[Round "4"]
[White "olawsson"]
[Black "micke12a"]
[Result "0-1"]
[WhiteElo "2089"]
[BlackElo "2364"]
[TimeControl "180+1"]
[EndTime "14:36:19 PDT"]
[Termination "micke12a won by resignation"]

1. d4 Nf6 2. c4 c6 3. Nc3 d5 4. cxd5 cxd5 5. Nf3 Nc6 6. Bf4 a6 7. e3 Bf5 8. Ne5 Rc8 9. Qa4 Qb6 10. Nxc6 Rxc6 11. Qb3 Qxb3 12. axb3 e6 13. f3 Bb4 14.
Bb5 axb5 15. Ra8+ Kd7 16. Rxh8 Bxc3+ 17. bxc3 Rxc3 18. O-O Nh5 19. Bb8 Bd3 20. Rd1 Rxb3 21. Rxh7 Bxh7 0-1

[Event "Late-Titled-Tuesday-Blitz-October-17-2023"]
[Site "Chess.com"]
[Date "2023.10.17"]
[Round "4"]
[White "MathiasWomacka"]
[Black "Heinza9"]
[Result "1-0"]
[WhiteElo "2537"]
[BlackElo "2317"]
[TimeControl "180+1"]
[EndTime "14:36:23 PDT"]
[Termination "MathiasWomacka won by resignation"]

1. e4 e5 2. Nf3 Nc6 3. Bb5 f5 4. d3 Nf6 5. O-O d6 6. exf5 Bxf5 7. d4 exd4 8. Nxd4 Bd7 9. Re1+ Be7 10. Bxc6 bxc6 11. Qe2 Kf7 12. Nc3 d5 13. Ne6 Bxe6 14. Qxe6+ Kf8 15. Bf4 Bd6 16. Bxd6+ Qxd6 17. Qxd6+ cxd6 18. Re6 Rd8 19. Rae1 Rd7 20. g4 Kf7 21. g5 Ne4 22.
Nxe4 Kxe6 23. Nc5+ Kf5 24. Nxd7 Rd8 25. Re7 Kg6 26. f4 h6 27. h4 hxg5 28. hxg5 c5 29. Kf2 d4 30. Kf3 Kf5 31. Rxg7 Ke6 32. Nf6 d5 33. Rxa7 c4 34. Ra6+ Kf5 35. Ra5 d3 36.
cxd3 cxd3 37. Rxd5+ Rxd5 38. Nxd5 d2 39. Ke2 1-0

[Event "Late-Titled-Tuesday-Blitz-October-17-2023"]
[Site "Chess.com"]
[Date "2023.10.17"]
[Round "4"]
[White "gunslinger222"]
[Black "Horokoskii"]
[Result "1-0"]
[WhiteElo "2349"]
[BlackElo "2111"]
[TimeControl "180+1"]
[EndTime "14:36:24 PDT"]
[Termination "gunslinger222 won by resignation"]

1. d4 Nf6 2. Bg5 c5 3. d5 d6 4. Bxf6 exf6 5. Nc3 g6 6. e4 Bg7 7. Bd3 O-O 8. Nge2 Re8 9. O-O Nd7 10. f4 a6 11. a4 b6 12. Qd2 Qc7 13. Rab1 c4 14. Nd4 cxd3 15. cxd3 Nc5 16. b4 Nd7 17. Rfc1 Bb7 18.
Ncb5 Qb8 19. Nc7 f5 20. Nc6 Qxc7 21. Ne7+ Rxe7 22. Rxc7 fxe4 23. Rxb7 e3 24. Qe2 Rae8 25. Rc1 Nf6 26. Rxe7 Rxe7 27. Rc8+ Ne8 28. Kf1 Bd4 29.
g4 Kg7 30. f5 Nf6 31. Rc4 Be5 32.
g5 Nxd5 33. f6+ Nxf6 34. gxf6+ Bxf6 35. Re4 Rc7 36. Qxe3 h6 37. Rc4 Re7 38. Re4 Rc7 39.
Qxb6 Rc1+ 40. Ke2 Rc2+ 41. Kd1 Rxh2 42. Qxd6 Rh1+ 43. Kc2 Rh2+ 44. Qxh2 1-0

[Event "Late-Titled-Tuesday-Blitz-October-17-2023"]
[Site "Chess.com"]
[Date "2023.10.17"]
[Round "4"]
[White "kai_nov"]
[Black "Gentlejimmy7"]
[Result "1-0"]
[WhiteElo "2285"]
[BlackElo "2477"]
[TimeControl "180+1"]
[EndTime "14:36:27 PDT"]
[Termination "kai_nov won by resignation"]

1. d4 f5 2. g3 Nf6 3. Nc3 g6 4.
h4 Bg7 5. h5 Nxh5 6. e4 fxe4 7.
Rxh5 gxh5 8. Qxh5+ Kf8 9. Nxe4 Qe8 10. Qh4 Nc6 11. Bh6 Qg6 12. Bxg7+ Qxg7 13. O-O-O e6 14.
Nf3 h5 15. d5 exd5 16. Rxd5 d6 17. Rg5 Qf7 18. Be2 Bf5 19. Qf4 Bh7 20. Nf6 Rd8 21. Nxh7+ Rxh7 22. Rf5 Re8 23. Ng5 1-0

[Event "Late-Titled-Tuesday-Blitz-October-17-2023"]
[Site "Chess.com"]
[Date "2023.10.17"]
[Round "4"]
[White "Estrategia_vs_Tactica"]
[Black "leoduarte"]
[Result "0-1"]
[WhiteElo "2239"]
[BlackElo "2403"]
[TimeControl "180+1"]
[EndTime "14:36:30 PDT"]
[Termination "leoduarte won by resignation"]

1. e4 c5 2. Nf3 e6 3. d4 cxd4 4. Nxd4 Nf6 5. Nc3 Nc6 6. Nxc6 bxc6 7. Bd3 d5 8. e5 Nd7 9. Qe2 d4 10. Nd1 Qa5+ 11. Bd2 Qxe5 12. O-O Qxe2 13. Bxe2 Rb8 14. Rb1 c5 15. c3 e5 16. f4 e4 17. f5 Bd6 18. Bf4 Ne5 19. Nf2 Bxf5 20. g4 Bg6 21.
cxd4 cxd4 22. Rbc1 O-O 23. b3 Nf3+ 24. Bxf3 Bxf4 25. Bxe4 Bxc1 26. Rxc1 Bxe4 27. Nxe4 Rfc8 28. Rd1 Rd8 29. Rd3 Rbc8 30. a4 g6 31. Kg2 f5 32.
gxf5 gxf5 33. Ng3 Rc3 34. Rd2 d3 35. Kf2 Rc2 36. Ke1 Rc1+ 37. Kf2 Rc3 38. b4 Rc4 39. Ke3 f4+ 0-1

[Event "Late-Titled-Tuesday-Blitz-October-17-2023"]
[Site "Chess.com"]
[Date "2023.10.17"]
[Round "4"]
[White "Misticpikachu"]
[Black "Mariia89"]
[Result "1-0"]
[WhiteElo "2417"]
[BlackElo "2101"]
[TimeControl "180+1"]
[EndTime "14:36:38 PDT"]
[Termination "Misticpikachu won by resignation"]

1. c4 c5 2. Nc3 Nc6 3. Nf3 g6 4. e3 Bg7 5. d4 cxd4 6. exd4 d6 7. Be2 Nf6 8. O-O O-O 9. d5 Nb8 10. Be3 Bg4 11. h3 Bxf3 12. Bxf3 Nbd7 13. Rc1 Ne5 14. Be2 b6 15. Nb5 a6 16. Nd4 Rc8 17. b3 Ne8 18. f4 Nd7 19. Nc6 Rxc6 20. dxc6 Nc5 21. Bf3 Qc8 22. b4 Ne6 23. Bxb6 N8c7 24. f5 Nf4 25.
Bd4 Qxf5 26. Bxg7 Kxg7 27. Qd4+ Kg8 28. Bg4 e5 29. Bxf5 exd4 30. Rxf4 gxf5 31. Rxd4 Rb8 32. a3 a5 33. Rxd6 axb4 34. axb4 Rxb4 35. Rd7 Ne6 36. c7 1-0